 Dungeon Crawl Stone Soup version 0.31-a0-889-g1a8549509d (webtiles) character file.

Game seed: 17706169979617298612

20031 Arex the Mimic (level 12, -8/57 HPs)
             Began as a Vine Stalker Shapeshifter on Oct 16, 2023.
             Was a High Priest of Hepliaklqana.
             Killed from afar by a rime drake (14 damage)
             ... with an icy flash freeze
             ... on level 3 of the Lair of Beasts.
             The game lasted 00:21:43 (12184 turns).

Arex the Mimic (Vine Stalker Shapeshifter)         Turns: 12184, Time: 00:21:44

Health: -8/57      AC: 23    Str: 21    XL:     12   Next: 75%
Magic:  0/13       EV:  7    Int: 10    God:    Hepliaklqana [*****.]
Gold:   573        SH:  0    Dex: 15    Spells: 11/11 levels left

rFire   . .          .
                       - Unarmed
rCold   . . .        (shield currently unavailable)
rNeg    + . .        w - +4 plate armour
rPois   +            (no helmet)
rElec   .            F - +1 cloak
rCorr   .            o - +1 pair of gloves
SInv    .            (no boots)
Will    +....        (no amulet) Stlth
                     v - ring of poison resistance
HPRegen 1.09/turn    t - ring of positive energy
MPRegen 0.13/turn

%: guardian spirit
@: flux-form, glowing
A: glow, contaminating, reduced essence, fangs 3, regeneration 1, magic shield,
antimagic bite, no potion heal 2
a: Begin Untransformation, Renounce Religion, Recall Ancestor, Ancestor
Identity, Transference, Idealise


You were on level 3 of the Lair of Beasts.
You worshipped Hepliaklqana.
Hepliaklqana was extremely pleased with you.
You were something dangerously unstable.
You visited 3 branches of the dungeon, and saw 15 of its levels.

You collected 820 gold pieces.
You spent 247 gold pieces at shops.

Inventory:

Hand Weapons
 L - a +1 hand axe of freezing
Armour
 o - a +1 pair of gloves (worn)
 q - a scarf of repulsion
 w - a +4 plate armour (worn)
 F - a +1 cloak (worn)
Jewellery
 e - a ring of ice
 m - a ring of protection from cold
 t - a ring of positive energy (right hand)
 v - a ring of poison resistance (left hand)
 A - an amulet of the acrobat
Talismans
 c - a beast talisman
 d - a flux talisman (active)
 u - a maw talisman
Wands
 y - a wand of flame (23)
 I - a wand of quicksilver (2)
Scrolls
 a - a scroll of poison {unknown}
 h - a scroll of blinking
 i - a scroll of fog {unknown}
 k - a scroll of enchant armour {unknown}
 l - 4 scrolls of fear
 r - 3 scrolls of noise
 s - a scroll of revelation
 x - a scroll of summoning {unknown}
 z - 4 scrolls of teleportation
 E - a scroll of torment
 J - 2 scrolls of amnesia
Potions
 b - 2 potions of lignification
 f - 2 potions of haste
 g - 2 potions of curing
 j - a potion of magic {unknown}
 n - a potion of degeneration
 p - a potion of enlightenment {unknown}
 B - 2 potions of mutation {unknown}
 C - 2 potions of berserk rage {unknown}
 D - 3 potions of heal wounds
 G - 3 potions of brilliance
 H - a potion of might {unknown}
 K - a potion of attraction {unknown}


   Skills:
 + Level 7.6 Fighting
 + Level 9.2 Armour
 - Level 1.5 Dodging
 + Level 9.3 Unarmed Combat
 * Level 1.1 Invocations
 + Level 12.4 Shapeshifting


You had 11 spell levels left.
You didn't know any spells.
Your spell library contained the following spells:

 Spells                   Type           Power      Damage    Failure   Level
 Magic Dart               Conj           0%         1d3       99%         1
 Necrotise                Necr           0%         1d4       99%         1
 Slow                     Hex            0%         N/A       99%         1
 Blink                    Tloc           0%         N/A       100%        2
 Cigotuvi's Dreadful Rot  Necr/Pois/Air  0%         N/A       100%        2
 Lesser Beckoning         Tloc           0%         N/A       100%        2
 Momentum Strike          Conj/Tloc      0%         3d8       100%        2
 Searing Ray              Conj           0%         2d4       100%        2
 Confusing Touch          Hex            0%         N/A       100%        3
 Ignite Poison            Fire/Tmut/Pois 0%         N/A       100%        3
 Sigil of Binding         Hex            0%         N/A       100%        3
 Summon Guardian Golem    Hex/Summ       0%         N/A       100%        3
 Vampiric Draining        Necr           0%         2d6       100%        3
 Fulminant Prism          Conj/Hex       0%         3d5       100%        4
 Agony                    Necr           0%         N/A       100%        5
 Freezing Cloud           Conj/Ice/Air   0%         6-21      100%        5
 Orb of Destruction       Conj           0%         9d5       100%        7
 Spellforged Servitor     Conj/Summ      0%         N/A       100%        7


Dungeon Overview and Level Annotations

Branches:
Dungeon (11/15)            Temple (1/1) D:5            Lair (3/5) D:9
 Shoals (0/4) Lair:2        Snake (0/4) Lair:3
    Orc: D:9-12

Altars:
Ashenzari
Cheibriados
Dithmenos
Elyvilon
Fedhas
Gozag
Hepliaklqana
Kikubaaqudgha
Makhleb
Nemelex Xobeh
Okawaru
Qazlal
Ru
Trog
Uskayaw
Vehumet
Wu Jian
Xom
Yredelemnul
Zin

Shops:
D:8 !   D:10 :

Portals:
Gauntlet: D:11

Annotations:
D:5 2 runed translucent doors
D:8 3 runed translucent doors, javelincjr's ghost, novice TrSh
Lair:3 1 runed translucent door, Sitazake's ghost, journeyman TrWr


Innate Abilities, Weirdness & Mutations

You are something dangerously unstable.
You glow with magical radiation, making you easy to see and hit.
Foes you strike become dangerously contaminated with magical radiation.
You are incapable of wielding weapons or throwing items.
Your life essence is reduced to manifest your ancestor. (-10% HP)
You have razor-sharp teeth.
Your natural rate of healing is unusually fast.
When hurt, damage is shared between your health and your magic reserves.
Your bite disrupts and absorbs the magic of your enemies.
Potions cannot restore your health.


Message History

You feel sick.
Sitazake's ghost whispers, "Meet the emptiness of death!"
The cane toad stings you!
Cenhelm hits the cane toad with a +0 flail!
The cane toad dies!
Your Invocations skill increases to level 1!
You feel sick. The cane toad stings you.
The rime drake bites you but does no damage.
The cane toad stings you but does no damage.
You completely miss the cane toad.
You feel sick. The rime drake bites you.
Cenhelm barely misses the cane toad.
The cane toad stings you but does no damage.
You hit the cane toad.
The cane toad begins to glow.
You bite the cane toad. You drain its power.
You feel invigorated.
The cane toad is moderately wounded.
You feel sick. The rime drake closely misses you. The cane toad stings you!
* * * LOW HITPOINT WARNING * * *
You hit the cane toad but do no damage.
The cane toad glows dangerously bright.
The cane toad is moderately wounded.
You feel sick.
Cenhelm hits the cane toad with a +0 flail.
The rime drake barely misses you. The cane toad closely misses you.
You feel sick. The rime drake breathes ice at you.
The icy flash freeze hits you!
* * * LOW HITPOINT WARNING * * *
You are encased in ice.
The cane toad stings you but does no damage.
Cenhelm hits the cane toad with a +0 flail.
Your system rejects the healing.
You feel better.
The cane toad stings you but does no damage.
Cenhelm blocks the cane toad's attack.
Cenhelm hits the cane toad with a +0 flail!!
The rime drake bites you.
* * * LOW HITPOINT WARNING * * *
Cenhelm blocks the cane toad's attack.
The ice encasing you melts away. The rime drake breathes ice at you.
The icy flash freeze hits you!!
You die...

####....##⌠##.
###......##...##.....
###PP.##..##..!..##....
#.........#⌠.?♣!.⌠#....
##.#..#P..##.....##....
#.........##...##...>.
#.P........##W##......
#.#...#.....#+#.......
#..#.......p.k...P....
#.....#......RF.......
########..#.......##P.
#######..### ####


You could see the friendly Cenhelm the knight, a cane toad (distracted, heavy
contam, ally target), a rime drake (catching breath) and Sitazake's ghost.

Vanquished Creatures
  Fannar (D:10)
  A hydra (Lair:1)
  Erolcha (D:8)
  3 skysharks (Lair:2)
  A black mamba (Lair:2)
  A torpor snail (Lair:1)
  5 cane toads
  A merfolk siren (Lair:2)
  A gargoyle (D:10)
  6 komodo dragons
  Psyche (D:8)
  A kobold demonologist (D:10)
  A rime drake (Lair:1)
  3 merfolk (Lair:2)
  A troll (D:10)
  2 hornets
  A dream sheep (Lair:1)
  2 wyverns
  20 yaks
  A steam dragon (Lair:2)
  Grum (D:9)
  2 nagas (Lair:3)
  An acid dragon (D:9)
  7 water moccasins
  An ogre (D:4)
  5 orc warriors
  2 sky beasts
  2 black bears
  2 ice beasts (D:6)
  A centaur (D:6)
  3 wolves (D:9)
  2 phantoms
  A gnoll sergeant (D:8)
  A kobold brigand (D:8)
  4 bullfrogs
  4 scorpions
  12 wights
  2 howler monkeys
  A jelly (D:7)
  Crazy Yiuf (D:7)
  4 hounds
  3 orc priests
  A sleepcap (D:6)
  3 iguanas
  6 orc wizards
  A gnoll (D:8)
  9 adders
  A white imp (D:5)
  2 worms
  4 dart slugs
  21 orcs
  4 bats
  3 endoplasms
  17 goblins
  9 hobgoblins
  8 kobolds
  4 quokkas
  6 ball pythons
  3 frilled lizards
  4 rats
222 creatures vanquished.

Vanquished Creatures (collateral kills)
  2 cane toads (Lair:3)
  A rime drake (Lair:1)
  Maggie (Lair:2)
  A dream sheep (Lair:1)
  A yak (D:8)
  A basilisk (Lair:1)
  A naga (Lair:3)
  2 water moccasins
  A bullfrog (Lair:1)
  3 wights
  A killer bee (D:8)
  A howler monkey (D:7)
  2 orc wizards
  2 gnolls (D:8)
  4 orcs
24 creatures vanquished.

Vanquished Creatures (others)
  2 knights (Lair:2)
  3 ancestors
5 creatures vanquished.

Grand Total: 251 creatures vanquished

Notes
Turn   | Place    | Note
-------+----------+-------------------------------------------
     0 | D:1      | Arex the Vine Stalker Shapeshifter began the quest for the
                  | Orb.
     0 | D:1      | Reached XP level 1. HP: 9/9 MP: 2/2
   114 | D:1      | Reached skill level 1 in Fighting
   389 | D:1      | Reached XP level 2. HP: 11/14 MP: 1/3
  1047 | D:2      | Reached XP level 3. HP: 18/18 MP: 4/4
  1503 | D:2      | Reached skill level 1 in Armour
  1625 | D:3      | Reached XP level 4. HP: 22/22 MP: 5/5
  1627 | D:3      | Reached skill level 4 in Shapeshifting
  2358 | D:4      | Reached XP level 5. HP: 25/25 MP: 6/6
  2588 | D:4      | Noticed a black bear
  2634 | D:5      | Entered Level 5 of the Dungeon
  2634 | D:5      | Noticed a water moccasin
  2708 | D:4      | Reached XP level 6. HP: 30/30 MP: 7/7
  2759 | D:5      | Reached skill level 5 in Shapeshifting
  2786 | D:5      | Found a staircase to the Ecumenical Temple.
  2840 | Temple   | Entered the Ecumenical Temple
  2877 | Temple   | Became a worshipper of Hepliaklqana the Forgotten
  3403 | D:5      | Reached XP level 7. HP: 33/33 MP: 8/8
  3505 | D:5      | Found a large runed translucent door.
  3506 | D:5      | Found a large runed translucent door.
  3751 | D:4      | Reached skill level 6 in Shapeshifting
  4118 | D:6      | Gained mutation: You have razor-sharp teeth. [Vine Stalker
                  | growth]
  4118 | D:6      | Reached XP level 8. HP: 37/37 MP: 9/9
  4122 | D:6      | Reached skill level 7 in Shapeshifting
  4277 | D:6      | Found a sparkling altar of Nemelex Xobeh.
  4322 | D:6      | Reached * piety under Hepliaklqana
  4543 | D:6      | Found an ornate altar of the Wu Jian Council.
  4619 | D:6      | Found a shadowy altar of Dithmenos.
  4619 | D:6      | Found a faded altar of an unknown god.
  4626 | D:6      | Found a sacrificial altar of Ru.
  4628 | D:6      | Found an ancient bone altar of Kikubaaqudgha.
  4630 | D:6      | Found a shimmering altar of Xom.
  4927 | D:7      | Noticed a hornet
  4937 | D:7      | Killed a hornet
  4938 | D:7      | Reached skill level 8 in Shapeshifting
  4941 | D:7      | HP: 2/49 [orc warrior/+0 trident (3)]
  4987 | D:7      | Reached skill level 5 in Armour
  4987 | D:7      | Reached XP level 9. HP: 36/36 MP: 10/10
  5068 | D:7      | Found a blossoming altar of Fedhas.
  5095 | D:7      | Reached skill level 9 in Shapeshifting
  5839 | D:7      | Found a runed translucent door.
  5840 | D:7      | Noticed Crazy Yiuf
  6458 | D:7      | Killed Crazy Yiuf
  6738 | D:8      | Reached skill level 10 in Shapeshifting
  6758 | D:8      | Found a white marble altar of Elyvilon.
  6769 | D:8      | Reached ** piety under Hepliaklqana
  6770 | D:8      | Remembered your ancestor Cenhelm as a knight
  6997 | D:8      | Reached XP level 10. HP: 37/41 MP: 11/11
  7172 | D:8      | Reached skill level 5 in Unarmed Combat
  7276 | D:8      | Found Rokicw's Distillery.
  7287 | D:8      | Bought a potion of degeneration for 13 gold pieces
  7287 | D:8      | Bought a potion of brilliance for 52 gold pieces
  7302 | D:8      | Found a runed translucent gate.
  7302 | D:8      | Found a runed translucent gate.
  7302 | D:8      | Found a runed translucent gate.
  7303 | D:8      | Noticed javelincjr's ghost (novice TrSh)
  7465 | D:8      | Bought a potion of haste for 130 gold pieces
  7465 | D:8      | Bought a potion of brilliance for 52 gold pieces
  7594 | D:9      | Noticed a two-headed ogre
  7595 | D:9      | Noticed Grum
  7648 | D:9      | Noticed Psyche
  7727 | D:9      | Noticed Erolcha
  7727 | D:9      | Found a staircase to the Lair.
  7736 | D:8      | Killed Erolcha
  7857 | D:8      | Killed Psyche
  8023 | D:9      | You fall into a shaft and drop 2 floors!
  8023 | D:11     | Found a gate leading to a gauntlet.
  8073 | D:10     | Entered Level 10 of the Dungeon
  8088 | D:10     | Reached *** piety under Hepliaklqana
  8175 | D:9      | Reached XP level 11. HP: 29/48 MP: 12/12
  8772 | D:10     | Reached skill level 11 in Shapeshifting
  8866 | D:10     | Reached skill level 5 in Fighting
  9001 | D:10     | Found a snail-covered altar of Cheibriados.
  9269 | D:10     | Found Pehiav's Book Shop.
  9361 | D:10     | Noticed Fannar
  9375 | D:10     | Killed Fannar
  9434 | D:10     | Reached **** piety under Hepliaklqana
  9645 | Lair:1   | Entered Level 1 of the Lair of Beasts
 10032 | Lair:1   | Noticed a seven-headed hydra
 10042 | Lair:1   | Killed a seven-headed hydra
 10103 | Lair:1   | Reached XP level 12. HP: 36/55 MP: 9/13
 10689 | D:9      | Killed Grum
 10843 | Lair:2   | Noticed a skyshark
 10857 | Lair:2   | Killed a skyshark
 10858 | Lair:2   | Reached skill level 12 in Shapeshifting
 10914 | Lair:2   | Noticed a skyshark
 10921 | Lair:2   | Killed a skyshark
 10943 | Lair:2   | Noticed a skyshark
 10958 | Lair:2   | Killed a skyshark
 11060 | Lair:2   | Reached ***** piety under Hepliaklqana
 11134 | Lair:2   | Found a staircase to the Shoals.
 11316 | Lair:2   | Noticed Maggie
 11326 | Lair:2   | Killed Maggie
 12065 | Lair:3   | Found a staircase to the Snake Pit.
 12142 | Lair:3   | Noticed Sitazake's ghost (journeyman TrWr)
 12146 | Lair:3   | Found a runed translucent door.
 12177 | Lair:3   | Reached skill level 1 in Invocations
 12184 | Lair:3   | Killed from afar by a rime drake

Illustrated notes

Levels and vault maps discovered:
D:1:      wander_arrival_chamber, layout_loops_corners,
          corexii_leaking_fountain, hex_large
D:2:      layout_basic
D:3:      layout_loops_ring, chequers_serial_rivers_room_a
D:4:      cheibrodos_greedy_goblins, layout_loops_ring
D:5:      layout_rooms, jmf_multi_god_temple2, minmay_temple_entry_waves
D:6:      layout_basic, mainiacjoe_overflow_catwalk,
          nemelex_diamond_rough_becter, chequers_temple_overflow_minitemple,
          serial_glass, glass_columns_a, glass_columns_b,
          minmay_misc_feat_more_columns, small_statue_alley_b
D:7:      layout_layer_cave, mainiacjoe_overflow_paths, serial_park_tiny_pond,
          uniq_crazy_yiuf_cottage
D:8:      layout_gridville, elyvilon_altar_3, gammafunk_ghost_nasty_kobolds,
          serial_shops, shop, grunt_decor_arrowhead, st_stairs_10
D:9:      layout_basic, lair_entry_dummy, uniq_psyche, uniq_grum, uniq_erolcha
D:10:     layout_basic, lemuel_doored_altar, serial_shops, nicolae_shop_crystal,
          uniq_fannar
D:11:     layout_cave_pods, gauntlet_entry_generic,
          lemuel_zombie_altar_yredelemnul
Temple:   jpeg_temple_clearing
Lair:1:   layout_cave_pods, grunt_forest_small_clearing_treed,
          serial_bayou_shore_b
Lair:2:   layout_regular_city, elwin_shoals_entry_stream, patterned_corridor,
          uniq_maggie
Lair:3:   layout_roguey, guppyfry_snake_entry_garden,
          hellmonk_ghost_happy_afterlife, chequers_serial_rivers_micro_e

Skill      XL: |  1  2  3  4  5  6  7  8  9 10 11 12 |
---------------+-------------------------------------+-----
Fighting       | 1 2 4 6 7 |  7.6
Armour         | 1 2 3 5 6 7 8 9 |  9.2
Shapeshifting  | 4 5 6 8 10 11 12 | 12.4
Unarmed Combat | 4 6 8 9 |  9.3
Invocations    | 1 |  1.1
Dodging        | |  1.5

Action                     |  1- 3 |  4- 6 |  7- 9 | 10-12 || total
---------------------------+-------+-------+-------+-------++-------
  Melee: Unarmed           |    81 |    93 |   274 |   380 ||   828
         Bite              |    20 |    25 |    92 |   169 ||   306
         Punch             |       |     1 |     4 |       ||     5
 Invoke: Ancestor Life: Kn |       |       |     1 |       ||     1
         Ancestor Identity |       |       |     1 |       ||     1
         Recall Ancestor   |       |       |       |     3 ||     3
         Idealise          |       |       |       |     1 ||     1
  Evoke: Wand              |       |       |       |    10 ||    10
    Use: Scroll            |     2 |     1 |     3 |    14 ||    20
         Potion            |       |       |     3 |     2 ||     5
   Stab: Distracted        |       |       |     1 |     1 ||     2
 Armour: Chain mail        |    47 |    49 |       |       ||    96
         Animal skin       |     2 |       |       |       ||     2
         Plate armour      |       |     7 |   238 |   382 ||   627
         Skin              |       |       |    29 |       ||    29
  Dodge: Dodged            |    29 |    42 |    93 |   144 ||   308
   Form: Flux              |       |       |     1 |       ||     1

Table legend: (Time is in decaauts)
 A = Elapsed time spent in this place.
 B = Non-inter-level travel time spent in this place.
 C = Inter-level travel time spent in this place.
 D = Time resting spent in this place.
 E = Time spent auto-exploring this place.
 F = Levels seen in this place.
 G = Mean time per level.
                   A        B        C        D        E       F      G
               +--------+--------+--------+--------+--------+-----+--------+
         Total |  12111 |  11307 |    804 |    663 |   8522 |  15 |  807.4 |
       Dungeon |   9676 |   9038 |    638 |    502 |   6842 |  11 |  879.6 |
        Temple |     52 |      3 |     49 |      0 |      0 |   1 |   52.0 |
          Lair |   2382 |   2265 |    117 |    161 |   1680 |   3 |  794.0 |
               +--------+--------+--------+--------+--------+-----+--------+

Top non-repeatable levels by time:
     D:7: 1621 daAuts
     D:8: 1217 daAuts
  Lair:2: 1085 daAuts
  Lair:1: 1079 daAuts
     D:9: 988 daAuts
    D:10: 962 daAuts
     D:1: 953 daAuts
     D:4: 888 daAuts
     D:6: 886 daAuts
     D:5: 848 daAuts
     D:3: 642 daAuts
     D:2: 617 daAuts
  Lair:3: 218 daAuts
  Temple: 52 daAuts
    D:11: 49 daAuts
